 Dungeon Crawl Stone Soup version 0.31-a0-180-g519b7de00c (webtiles) character file.

Game seed: 17153543226704720043

126 qw the Chopper (level 5, -9/32 HPs)
             Began as a Gargoyle Fighter on June 19, 2023.
             Mangled by a gnoll
             ... wielding a +0 halberd
              (11 damage)
             ... on level 2 of the Dungeon.
             The game lasted 00:00:57 (1224 turns).

qw the Chopper (Gargoyle Fighter)                   Turns: 1224, Time: 00:00:58

Health: -9/32      AC: 10    Str: 22    XL:     5   Next: 9%
Magic:  5/5        EV:  9    Int:  8    God:
Gold:   22         SH:  4    Dex:  9    Spells: 4/4 levels left

rFire   . . .        Y - +1 war axe
rCold   . . .        c - +0 buckler
rNeg    + . .        b - +0 scale mail
rPois   inf          (no helmet)
rElec   +            (no cloak)
rCorr   .            (no gloves)
SInv    .            (no boots)
Will    .....        (no amulet) Stlth
                     (no ring)
HPRegen 0.25/turn    (no ring)
MPRegen 0.09/turn

%: no passive effects
@: no status effects
A: sickness immunity, AC +4, negative energy resistance 1, electricity
resistance, torment resistance 1, petrification resistance
a: no special abilities


You were on level 2 of the Dungeon.
You visited 1 branch of the dungeon, and saw 2 of its levels.

You collected 22 gold pieces.


Innate Abilities, Weirdness & Mutations

You are immune to sickness and miasma.
Your stone body is resilient. (AC +4)
You are immune to poison.
You resist negative energy. (rN+)
You are resistant to electric shocks. (rElec)
You are resistant to unholy torment.
You are immune to petrification.


   Skills:
 - Level 3.2 Fighting
 + Level 4.6 Axes
 - Level 3.2 Armour
 - Level 3.2 Shields


You had 4 spell levels left.
You didn't know any spells.
Your spell library was empty.

Inventory:

Hand Weapons
 j - a +0 mace
 Y - a +1 war axe (weapon)
Armour
 b - a +0 scale mail (worn)
 c - a +0 buckler (worn)
 e - a +0 plate armour
Jewellery
 g - an amulet of faith
Scrolls
 a - a scroll of enchant armour
 f - a scroll of teleportation {unknown}
 l - a scroll of identify {unknown}
Potions
 d - 2 potions of might
 h - a potion of curing {unknown}
 i - a potion of resistance {unknown}
 k - 2 potions of mutation {unknown}

Dungeon Overview and Level Annotations

Branches:
Dungeon (2/15)

Altars:

Shops:
D:1 *


Message History

You barely miss the gnoll.
The gnoll is severely wounded.
You slash the gnoll! The gnoll barely misses you.
The gnoll hits you but does no damage. You block the gnoll's attack.
The gnoll hits you with a +0 spear. The gnoll closely misses you. x2
You closely miss the gnoll.
The gnoll is almost dead.
You slash the gnoll!
You kill the gnoll!
You block the gnoll's attack. The gnoll hits you but does no damage.
You hit the gnoll.
You kill the gnoll!
The gnoll barely misses you.
You have reached level 5!
The gnoll closely misses you. x2
You see here a +0 whip.
Enter note:
Enter note:
Enter note:
Enter note:
Enter note:
Enter note:
Enter note:
Enter note:
Enter note: You hit the gnoll.
The gnoll is moderately wounded.
The gnoll hits you with a +0 spear. The gnoll barely misses you.
You completely miss the gnoll.
The gnoll is moderately wounded.
The gnoll hits you but does no damage.
The gnoll hits you from afar with a +0 halberd.
You block the gnoll's attack. The gnoll barely misses you.
You slash the gnoll!
You kill the gnoll!
The gnoll hits you from afar with a +0 halberd!
Found a scroll labelled SYUXYW WENOY.
The gnoll hits you with a +0 halberd!
You die...

#.......##
###.#.....
######.##
......%.....
#.#
.......###..
#)#
.......###..
#.#
.....#.##...
#######.#
.....#.##.#.
#......)# ####
#.##.#.
#.#####)#
##...... #@#
##.###.##
#.?.g#
#......#
#.##.#
#######.#####
# #..
...........#
...
####.##.##.###
.... #
#.##.... ##.#
..##..## .#
#.#####..##
#......).##


You could see a gnoll.

Vanquished Creatures
  3 gnolls (D:2)
  5 adders (D:2)
  A worm (D:2)
  2 ball pythons (D:1)
  5 bats
  4 endoplasms
  2 giant cockroaches (D:1)
  4 goblins
  7 hobgoblins
  2 quokkas (D:1)
  3 frilled lizards (D:2)
  6 kobolds
  4 rats
48 creatures vanquished.

Notes
Turn   | Place    | Note
-------+----------+-------------------------------------------
     0 | D:1      | qw the Gargoyle Fighter began the quest for the Orb.
     0 | D:1      | Reached XP level 1. HP: 14/14 MP: 1/1
     0 | D:1      | 0 ||| qw: Version: 0.3-a-7-ge0c9b40
     0 | D:1      | 0 ||| qw: Game counter: 917
     0 | D:1      | 0 ||| qw: Always use a shield: true
     0 | D:1      | 0 ||| qw: God list: Okawaru
     0 | D:1      | 0 ||| qw: Allow faded altars: false
     0 | D:1      | 0 ||| qw: Do Orc after D:15 true
     0 | D:1      | 0 ||| qw: Do second Lair branch before Depths: true
     0 | D:1      | 0 ||| qw: Lair rune preference: random
     0 | D:1      | 0 ||| qw: Plans: Normal, Zot:1-4, Slime:5, God:TSO, Crypt,
                  | Tomb, Abyss, Pan, Hells, Win
     0 | D:1      | 0 ||| PLANNING D:1-11
    52 | D:1      | Reached skill level 2 in Axes
   121 | D:1      | Found a faded altar of an unknown god.
   217 | D:1      | Reached XP level 2. HP: 19/19 MP: 2/2
   370 | D:1      | Found Conelipn's Assorted Antiques.
   375 | D:1      | 375 ||| SHOPLISTING bubbling green potion (23 gold, have
                  | 6).
   375 | D:1      | 375 ||| SHOPLISTING inky potion (23 gold, have 6).
   375 | D:1      | 375 ||| SHOPLISTING scroll labelled ADWIGE YZIXKAU (26
                  | gold, have 6).
   375 | D:1      | 375 ||| SHOPLISTING scroll labelled EMPAME GEGIX (26 gold,
                  | have 6).
   375 | D:1      | 375 ||| SHOPLISTING scroll labelled SYUXYW WENOY (26 gold,
                  | have 6).
   375 | D:1      | 375 ||| SHOPLISTING viscous cyan potion (23 gold, have 6).
   521 | D:1      | 521 ||| Stepping ~*~*~tactically~*~*~ (stealth).
   527 | D:1      | Reached skill level 3 in Axes
   529 | D:1      | 529 ||| FLEEEEING.
   530 | D:1      | 530 ||| FLEEEEING.
   531 | D:1      | 531 ||| FLEEEEING.
   634 | D:1      | Reached XP level 3. HP: 22/23 MP: 3/3
   649 | D:1      | 649 ||| READING 2 scrolls labelled HUADAO MYRU.
   650 | D:1      | 650 ||| READING scroll labelled REISMO ZATHE.
   667 | D:1      | 667 ||| READING scroll labelled ROCSIPUGOF.
   864 | D:2      | 864 ||| Stepping ~*~*~tactically~*~*~ (stealth).
   896 | D:2      | Reached XP level 4. HP: 28/28 MP: 4/4
   920 | D:2      | 920 ||| DROPPING +2 whip of electrocution.
  1023 | D:2      | Reached skill level 4 in Axes
  1220 | D:2      | Reached XP level 5. HP: 14/32 MP: 5/5
  1223 | D:2      | HP: 1/32 [gnoll/+0 halberd (10)]
  1224 | D:2      | Mangled by a gnoll

Levels and vault maps discovered:
D:1:      dpeg_arrival_long_road, layout_basic, serial_shops, shop,
          shapermc_ecumenical_altar_mp_urbaneastern
D:2:      layout_loops_cross, minmay_unequal

Skill      XL: |  1  2  3  4 |
---------------+-------------+-----
Axes           | 2 3 4 |  4.6
Fighting       | |  3.2
Armour         | |  3.2
Shields        | |  3.2

Action                     |  1- 3 |  4- 6 || total
---------------------------+-------+-------++-------
  Melee: War axe           |   102 |    55 ||   157
    Use: Scroll            |     3 |       ||     3
 Armour: Scale mail        |    56 |    28 ||    84
  Dodge: Dodged            |    53 |    23 ||    76
  Block: Buckler           |    24 |    17 ||    41

Table legend:
 A = Non-vault XP
 B = Vault XP
 C = Vault XP percentage of total XP
 D = Non-vault monster count
 E = Vault monster count
 F = Vault count percentage of total count
                 A         B        C        D         E       F
            +---------+---------+-------+---------+---------+-------
      Total |     165 |      15 |   8.3 |      46 |       2 |   4.2
            +---------+---------+-------+---------+---------+-------
        D:1 |      35 |       0 |   0.0 |      20 |       0 |   0.0
        D:2 |     130 |      15 |  10.3 |      26 |       2 |   7.1
            +---------+---------+-------+---------+---------+-------
